 Dungeon Crawl Stone Soup version 0.29-a0-218-gf2abdc9806 (webtiles) character file.

Game seed: 10264428200620979472

104 HotDog the Skirmisher (level 4, -1/41 HPs)
             Began as a Minotaur Fighter on Feb 25, 2022.
             Succumbed to an orc wizard's poison
             ... on level 2 of the Dungeon.
             The game lasted 00:03:54 (2269 turns).

HotDog the Skirmisher (Minotaur Fighter)            Turns: 2269, Time: 00:03:54

Health: -1/41      AC:  8    Str: 22    XL:     4   Next: 52%
Magic:  3/3        EV:  9    Int:  5    God:
Gold:   108        SH:  0    Dex: 10    Spells: 3/3 levels left

rFire   . . .      SeeInvis .   a - +1 long sword
rCold   + + .      Faith    .   c - +0 buckler
rNeg    . . .      Spirit   .   b - +0 scale mail
rPois   .          Reflect  .   (helmet restricted)
rElec   .          Harm     .   f - +0 cloak
rCorr   .          Rampage  .   (no gloves)
Will    .....                   (no boots)
Stlth   ..........              (no amulet)
HPRegen 0.13/turn               i - ring of protection from cold
MPRegen 0.08/turn               m - ring of protection from cold

@: confused, mighty, lethally poisoned (-1 -> -29), ambrosia-drunk
A: horns 2, retaliatory headbutt
a: no special abilities


You were on level 2 of the Dungeon.
You visited 1 branch of the dungeon, and saw 3 of its levels.

You collected 108 gold pieces.

Inventory:

Hand Weapons
 a - a +1 long sword (weapon)
Armour
 b - a +0 scale mail (worn)
 c - a +0 buckler (worn)
 f - a +0 cloak (worn)
Jewellery
 i - a ring of protection from cold (left hand)
 j - a +6 ring of strength
 m - a ring of protection from cold (right hand)
Scrolls
 e - a scroll of identify
 h - a scroll of torment
 k - a scroll of fear
Potions
 d - a potion of might
 n - a potion of ambrosia


   Skills:
 * Level 4.3 Fighting
 * Level 3.6 Long Blades
 * Level 4.2 Armour
 * Level 0.9 Dodging
 * Level 4.1 Shields
 * Level 1.2 Invocations


You had 3 spell levels left.
You didn't know any spells.
Your spell library contained the following spells:

 Spells                   Type           Power      Damage    Failure   Level
 Airstrike                Air            0%         N/A       100%        4
 Summon Lightning Spire   Summ/Air       0%         N/A       100%        4
 Lightning Bolt           Conj/Air       0%         1d11      100%        5


Dungeon Overview and Level Annotations

Branches:
Dungeon (3/15)

Altars:
Cheibriados
Fedhas


Innate Abilities, Weirdness & Mutations

You have a pair of horns on your head.
You reflexively headbutt those who attack you in melee.


Message History

You feel much better.
You feel very sick. The hobgoblin hits you.
The orc wizard hits you but does no damage.
You are more poisoned.
The orc hits you but does no damage.
You feel very mighty all of a sudden.
You feel very sick.
The hobgoblin hits you but does no damage.
The orc wizard hits you but does no damage.
You are lethally poisoned!
The orc hits you but does no damage.
You closely miss the orc wizard.
The orc wizard is heavily wounded.
* * * LOW HITPOINT WARNING * * *
You feel extremely sick. The hobgoblin barely misses you.
You furiously retaliate!
You headbutt the hobgoblin!
You kill the hobgoblin!
The orc wizard hits you but does no damage.
You are more poisoned.
The orc hits you but does no damage.
You hit the orc wizard.
The orc wizard is almost dead.
* * * LOW HITPOINT WARNING * * *
You feel extremely sick. The orc wizard casts a spell at you.
You resist with some effort. You block the orc's attack.
Unknown command.
You are confused.
You feel invigorated.
* * * LOW HITPOINT WARNING * * *
You feel very sick.
The orc wizard hits you with a +2 dagger of venom.
* * * LOW HITPOINT WARNING * * *
You are more poisoned.
The orc hits you with a +0 dagger.
* * * LOW HITPOINT WARNING * * *
You are too confused!
You die...

[#.#.#..##)##....#............#.#
...#.#..##.##....#.......<.......
#................#...#...#.#.....
...#.....#.......................
.#.##............................
.................................
#...#.#.........o.......#######.#
..†##.##.##......>o..............
.#.....#........@................
.......####.######.############.#
.#.....# #.###....#............#
......## #........#.#########..#
.####.# ###.#....#.#########..#
.#.##.#######.###................
................................#
.#.##..####.#..##..###.#######.##
.......# #.#..##..###.#######.##


You could see an orc wizard and an orc.

Vanquished Creatures
  4 adders (D:2)
  A worm (D:2)
  A dart slug (D:2)
  6 orcs
  7 ball pythons
  6 bats
  5 endoplasms
  2 giant cockroaches
  4 goblins
  5 hobgoblins
  2 jackals (D:1)
  2 quokkas
  4 frilled lizards
  2 kobolds
  2 rats
53 creatures vanquished.

Notes
Turn   | Place    | Note
-------+----------+-------------------------------------------
     0 | D:1      | HotDog the Minotaur Fighter began the quest for the Orb.
     0 | D:1      | Reached XP level 1. HP: 19/19 MP: 0/0
   279 | D:1      | Reached XP level 2. HP: 27/27 MP: 1/1
   727 | D:1      | Reached XP level 3. HP: 33/33 MP: 2/2
   935 | D:2      | Identified the +6 spear of the Extremes {vorpal, +Blink
                  | rF++ Int+4 Dex-3}
  1244 | D:2      | Reached skill level 1 in Invocations
  1409 | D:2      | Reached XP level 4. HP: 40/40 MP: 3/3
  1737 | D:2      | Found a snail-covered altar of Cheibriados.
  1956 | D:3      | Found a blossoming altar of Fedhas.
  1977 | D:3      | Noticed an ogre
  2268 | D:2      | HP: 2/41 [orc wizard/+2 dagger of venom (1)]
  2269 | D:2      | Succumbed to an orc wizard's poison

Illustrated notes

Levels and vault maps discovered:
D:1:      dpeg_arrival_simpleton_c, layout_basic, fountainhead
D:2:      layout_basic, basic_altar, minmay_misc_feat_four_crosses,
          serial_park_tiny_2
D:3:      layout_rooms, led_xom_imps, fedhas_altar_2, uniq_crazy_yiuf_cottage

Skill      XL: |  1  2  3 |
---------------+----------+-----
Fighting       | 4 |  4.3
Long Blades    | 3 |  3.6
Armour         | 4 |  4.2
Shields        | 4 |  4.1
Invocations    | 1 |  1.2
Dodging        | |  0.9

Action                   |  1- 3 |  4- 6 || total
-------------------------+-------+-------++-------
Melee: Long sword        |    83 |    36 ||   119
       Headbutt          |    12 |    11 ||    23
  Use: Scroll            |     4 |     2 ||     6
       Potion            |     1 |     3 ||     4
 Stab: Distracted        |     1 |       ||     1
Armor: Scale mail        |    51 |    34 ||    85
Dodge: Dodged            |    53 |    22 ||    75
Block: Buckler           |    17 |    12 ||    29

Table legend: (Time is in decaauts)
 A = Elapsed time spent in this place.
 B = Non-inter-level travel time spent in this place.
 C = Inter-level travel time spent in this place.
 D = Time resting spent in this place.
 E = Time spent auto-exploring this place.
 F = Levels seen in this place.
 G = Mean time per level.
                   A        B        C        D        E       F      G
               +--------+--------+--------+--------+--------+-----+--------+
         Total |   2303 |   2191 |    112 |    303 |   1478 |   3 |  767.7 |
       Dungeon |   2303 |   2191 |    112 |    303 |   1478 |   3 |  767.7 |
               +--------+--------+--------+--------+--------+-----+--------+

Top non-repeatable levels by time:
     D:2: 1353 daAuts
     D:1: 909 daAuts
     D:3: 39 daAuts
